Map: Cactus Valley LE (Void)

Players

TYTY (TY) - Winner!

  • Race: Terran Terran
  • Spawn Location: 5:00

Stats

  • Race: Protoss Protoss
  • Spawn Location: 1:00

VOD

Have the link to the VOD?

Description

Time

  • Played on: March 5, 2017, 10:43 a.m.
  • Length: 7:50
Show
View Real Time Build Order
Export as new Build Order

TYTY Terran - Winner!

Build Orders: MMM Bio 

Get SALT Encoding   

  12  0:00  SCV  
  13  0:12  SCV  
  14  0:18  Supply Depot  
  14  0:24  SCV  
  15  0:30  Refinery  
  15  0:40  SCV  
  16  0:45  Barracks  
  16  0:52  SCV  
  17  1:04  SCV  
  18  1:16  SCV  
  20  1:32  Orbital Command  
  20  1:33  Reaper  
  20  1:51  Command Center  
  20  1:58  SCV  
  20  2:01  Factory  
  21  2:08  Supply Depot  
  21  2:09  Barracks Reactor  
  21  2:13  SCV  
  22  2:18  Refinery  
  22  2:25  SCV  
  23  2:37  SCV  
  24  2:45  Starport  
  24  2:46  Marine x2  
  24  2:49  Factory Tech Lab, SCV  
  27  3:01  SCV  
  27  3:02  Orbital Command  
  27  3:04  Marine x2  
  30  3:13  SCV  
  31  3:21  Marine x2  
  33  3:27  Raven, SCV  
  33  3:28  SCV  
  33  3:30  Supply Depot  
  33  3:33  Factory Tech Lab  
  37  3:39  Barracks, SCV  
  37  3:41  SCV  
  39  3:45  Refinery  
  39  3:47  Marine  
  39  3:48  Marine  
  40  3:51  SCV  
  42  3:56  Siege Tank  
  42  3:58  SCV  
  46  4:04  Barracks  
  46  4:05  SCV  
  47  4:10  SCV  
  47  4:12  Marine x2  
  50  4:17  Supply Depot, SCV  
  50  4:22  SCV  
  52  4:31  SCV  
  53  4:32  Supply Depot  
  53  4:34  Combat Shields  
  53  4:37  Liberator  
  53  4:38  Marine x3  
  53  4:39  Siege Tank  
  53  4:44  Supply Depot, SCV  
  60  4:47  SCV  
  61  4:55  Supply Depot  
  61  4:59  SCV  
  66  5:04  SCV, Marine x3  
  69  5:10  Barracks Tech Lab  
  69  5:11  Siege Tank  
  69  5:12  SCV  
  72  5:21  SCV  
  73  5:22  Marauder  
  73  5:24  SCV, Marine x2  
  78  5:30  Marauder  
  78  5:31  Stimpack  
  78  5:33  Supply Depot  
  80  5:37  SCV x2  
  80  5:42  Starport Reactor  
  81  5:47  Marauder  
  81  5:48  Marine x2  
  86  5:51  Factory Reactor  
  86  5:56  Supply Depot  
  85  5:57  Supply Depot  
  85  6:05  Marine  
  85  6:06  Marine  
  85  6:07  SCV x2  
  85  6:16  Marine x2  
  85  6:18  Command Center  
  87  6:20  Medivac  
  87  6:21  Barracks  
  87  6:22  Barracks  
  87  6:24  Medivac  
  87  6:25  Marine x2  
  92  6:28  Bunker  
  93  6:34  Widow Mine x2  
  93  6:35  SCV  
  96  6:44  Marine  
  96  6:45  Marauder x2  
  96  6:51  Medivac  
  59  6:54  Medivac  
  98  6:55  Marine  
  98  6:59  SCV x2  
  103  7:02  Marine  
  104  7:08  Widow Mine x2  
  104  7:13  Marine  
  110  7:16  Bunker, Barracks Reactor  
  110  7:19  SCV x2  
  110  7:22  Marauder x2  
  113  7:31  SCV x2  
  113  7:43  Starport  
Show
View Real Time Build Order
Export as new Build Order

Stats Protoss 

Build Orders: 1 Gate Expand, Colossus Rush 

Get SALT Encoding   

  12  0:00  Probe (Chrono Boost)  
  13  0:11  Probe (Chrono Boost)  
  14  0:17  Pylon  
  14  0:22  Probe (Chrono Boost)  
  15  0:35  Probe (Chrono Boost)  
  16  0:36  Gateway  
  16  0:46  Probe (Chrono Boost), Assimilator  
  17  0:56  Probe (Chrono Boost)  
  18  1:07  Probe (Chrono Boost)  
  19  1:17  Probe (Chrono Boost)  
  20  1:25  Nexus  
  20  1:32  Cybernetics Core  
  20  1:34  Probe (Chrono Boost)  
  21  1:40  Assimilator  
  21  1:45  Probe (Chrono Boost)  
  22  1:50  Pylon  
  22  1:55  Probe (Chrono Boost)  
  23  2:09  Mothership Core (Chrono Boost)  
  23  2:14  Warp Gate  
  25  2:18  Adept  
  27  2:23  Pylon  
  27  2:27  Probe (Chrono Boost)  
  28  2:38  Robotics Facility, Probe (Chrono Boost)  
  28  2:40  Probe (Chrono Boost)  
  30  2:48  Probe (Chrono Boost)  
  30  2:50  Probe (Chrono Boost)  
  32  2:57  Adept  
  34  2:59  Probe (Chrono Boost)  
  34  3:01  Probe (Chrono Boost)  
  36  3:09  Probe (Chrono Boost)  
  36  3:12  Probe (Chrono Boost)  
  38  3:15  Gateway  
  38  3:17  Gateway  
  39  3:20  Probe (Chrono Boost)  
  39  3:22  Probe (Chrono Boost)  
  39  3:24  Observer  
  41  3:32  Probe (Chrono Boost)  
  41  3:33  Probe (Chrono Boost)  
  43  3:34  Pylon  
  43  3:39  Pylon  
  43  3:42  Observer, Assimilator  
  43  3:43  Probe (Chrono Boost)  
  43  3:44  Probe (Chrono Boost)  
  43  3:46  Assimilator  
  46  3:54  Probe (Chrono Boost)  
  48  3:56  Probe (Chrono Boost)  
  48  3:59  Robotics Bay  
  48  4:04  Probe (Chrono Boost)  
  48  4:09  Probe (Chrono Boost)  
  50  4:16  Probe (Chrono Boost)  
  51  4:17  Stalker x2  
  51  4:18  Observer  
  51  4:19  Stalker  
  51  4:21  Probe (Chrono Boost)  
  59  4:25  Pylon  
  59  4:32  Probe (Chrono Boost)  
  59  4:33  Probe (Chrono Boost)  
  61  4:39  Colossus  
  61  4:41  Extended Thermal Lance  
  61  4:44  Pylon  
  66  4:55  Probe x2 (Chrono Boost)  
  68  5:06  Zealot, Sentry  
  68  5:07  Zealot  
  74  5:17  Nexus  
  74  5:18  Pylon  
  74  5:25  Colossus  
  74  5:26  Probe (Chrono Boost)  
  74  5:27  Probe (Chrono Boost)  
  76  5:32  Sentry  
  84  5:40  Stalker  
  84  5:41  Stalker  
  88  5:47  Probe x2 (Chrono Boost)  
  88  5:48  Pylon  
  90  5:55  Pylon  
  90  5:57  Pylon  
  88  6:04  Stalker x2  
  88  6:05  Adept  
  94  6:16  Colossus  
  92  6:18  Gateway  
  92  6:19  Gateway  
  92  6:23  Twilight Council  
  98  6:31  Zealot  
  98  6:32  Adept  
  102  6:33  Adept  
  76  6:49  Gateway  
  76  6:50  Pylon  
  76  6:54  Adept x3  
  86  7:20  Adept x3  
  86  7:21  Adept x2  
Tags
 
Add a new tag
Caveats
  • Supply blocks, unpowered buildings, or Contaminate may cause inaccurate times.
  • Supply counts are checked every 10 seconds.